 Dungeon Crawl Stone Soup version 0.31-a0-1522-g43313d8a59 (webtiles) character file.

Game seed: 6432857336340018211

2279 voltaire321 the Chopper (level 9, -2/63 (68) HPs)
             Began as a Demonspawn Gladiator on Dec 31, 2023.
             Was a Follower of Makhleb.
             Slain by an orange demon (11 damage)
             ... summoned by an orc sorcerer
             ... in a bailey.
             The game lasted 00:16:03 (4873 turns).

voltaire321 the Chopper (Demonspawn Gladiator)      Turns: 4873, Time: 00:16:04

HP:   -2/63 (68)    AC: 16    Str: 18    XL:     9   Next: 16%
MP:   14/14         EV: 13    Int: 16    God:    Makhleb [*.....]
Gold: 269           SH: 11    Dex: 14    Spells: 14/15 levels left

rFire   + . .        E - +3 broad axe
rCold   . . .        (no shield)
rNeg    . . .        l - +0 chain mail {rF+}
rPois   .            c - +0 helmet
rElec   .            m - +1 cloak of Starlight {*Dazzle EV+4 Stlth--}
rCorr   .            z - +2 pair of gloves
SInv    .            (no boots)
Will    .....        q - amulet of reflection Stlth
                     o - +6 ring of intelligence
HPRegen 0.30/turn    (no ring)
MPRegen 0.14/turn

%: reflection
@: spiked, drained
A: large bone plates 2, spiny 3, weakness stinger 1
a: Renounce Religion


You were in a bailey.
You worshipped Makhleb.
Makhleb was aware of your devotion.
You visited 2 branches of the dungeon, and saw 8 of its levels.
You also visited: Sewer and Bailey.

You collected 269 gold pieces.

Inventory:

Hand Weapons
 E - a +3 broad axe (weapon)
Missiles
 d - 3 throwing nets (quivered)
 e - 4 javelins
Armour
 c - a +0 helmet (worn)
 l - a +0 chain mail of fire resistance (worn)
 m - the +1 cloak of Starlight (worn) {*Dazzle EV+4 Stlth--}
   (You found it on level 2 of the Dungeon)

   *Dazzle:   It may blind those who miss an attack against the wearer in melee
   combat.
   EV+4:      It affects your evasion (+4).
   Stlth--:   It makes you much less stealthy.
 z - a +2 pair of gloves (worn)
Jewellery
 o - a +6 ring of intelligence (left hand)
 q - an amulet of reflection (around neck)
Wands
 r - a wand of flame (69)
Scrolls
 b - 2 scrolls of enchant armour
 f - a scroll of amnesia
 g - a scroll of revelation
 i - a scroll of blinking
 k - 4 scrolls of teleportation
Potions
 j - a potion of enlightenment {unknown}
 n - 2 potions of lignification
 p - 2 potions of attraction {unknown}
 s - 3 potions of haste
 u - 2 potions of curing
 v - 2 potions of might
 w - a potion of resistance {unknown}
 x - a potion of brilliance {unknown}
 B - a potion of heal wounds {unknown}
 C - a potion of invisibility {unknown}


   Skills:
 + Level 5.3 Fighting
 + Level 5.3 Axes
 - Level 2.0 Throwing
 + Level 4.4 Armour
 + Level 5.3 Dodging
 + Level 3.8 Spellcasting
 + Level 4.0 Earth Magic
 + Level 2.3 Invocations


You had 14 spell levels left.
You knew the following spells:

 Your Spells              Type           Power      Damage    Failure   Level
a - Sandblast             Erth           30%        2d9       28%         1

Your spell library contained the following spells:

 Spells                   Type           Power      Damage    Failure   Level
 Passwall                 Erth           15%        N/A       65%         3
 Stone Arrow              Conj/Erth      18%        3d8       89%         3
 Ozocubu's Armour         Ice            3%         N/A       99%         3
 Brom's Barrelling Bould  Conj/Erth      9%         2d3       100%        4
 Leda's Liquefaction      Alch/Erth      4%         N/A       100%        4
 Lee's Rapid Deconstruct  Erth           7%         3d7*      100%        5
 Metabolic Englaciation   Hex/Ice        1%         N/A       100%        5
 Bombard                  Conj/Erth      4%         9d2       100%        6
 Sculpt Simulacrum        Ice/Alch       1%         N/A       100%        6


Dungeon Overview and Level Annotations

Branches:
Dungeon (7/15)             Temple (1/1) D:6           Sewer (visited)
 Bailey (1/1)

Altars:
Ashenzari
Cheibriados
Dithmenos
Fedhas
Gozag
Hepliaklqana
Kikubaaqudgha
Makhleb
Nemelex Xobeh
Okawaru
Sif Muna
Trog
Uskayaw
Wu Jian
Xom
Yredelemnul

Shops:
D:3 *


Innate Abilities, Weirdness & Mutations

You are mostly covered in large bone plates. (SH +6)
You are completely covered in sharp spines.
You have a small tail.


Message History

The orc sorcerer is lightly wounded.
The orc sorcerer barely misses you.
The orange demon stings you but does no damage.
You block the orc sorcerer's attack.
You hit the orc sorcerer.
The orc sorcerer is moderately wounded.
The orange demon stings you from afar.
The orc sorcerer casts a spell.
You hit the orc sorcerer but do no damage.
The orc sorcerer is moderately wounded.
You barely miss the red devil. The orange demon stings you from afar.
The orc sorcerer casts a spell at you. The bolt of negative energy hits you!!!
You feel drained.
Ouch! That really hurt!
* * * LOW HITPOINT WARNING * * *
The red devil is struck by your spines.
The red devil hits you with a +0 trident.
* * * LOW HITPOINT WARNING * * *
Barbed spikes become lodged in your body.
The orange demon closely misses you.
You barely miss the orc sorcerer. You tail-slap the orc sorcerer.
The orc sorcerer is moderately wounded.
You hit the red devil. You block the orc sorcerer's attack.
The red devil barely misses you.
The orange demon stings you but does no damage.
The orc sorcerer hits you with a +0 war axe.
* * * LOW HITPOINT WARNING * * *
You hit the orc sorcerer but do no damage.
The orc sorcerer is moderately wounded.
You slash the red devil! You block the red devil's attack.
The orange demon stings you from afar.
* * * LOW HITPOINT WARNING * * *
You are lethally poisoned!
The orange demon poisons you! The orc sorcerer misses you.
The red devil hits you with a +0 trident.
* * * LOW HITPOINT WARNING * * *
Barbed spikes become lodged in your body.
Okay, then.
You feel better. The orange demon stings you from afar!
You die...

.⌠..##.o_g+,,,,,,,,∩~~~~~~*
....##o...#,,8,8,,*,~~~~~~*
....##....#********,~~~≈~~*
'#####....#,,+,*,,*,~~≈≈~~*
.....#....#,,*,*,,*,~≈≈≈~~*
..)).#....+,,*,+,,*,~≈~~~~*
##.).##############.#~~~~~*
.#.8.8.8.).....#4...#~~~~~*
.#......)#.....'@o4.#~~~~~*
.###############..#+#~~~~~*
.+.........,,,,+..#,*~~~~~*
##~~~~~~~~~~~~~####**~~~~~*
≈≈≈≈≈≈≈≈≈≈≈~~~~~~~~~~~~~~~*
~~~~~~~~~~~~~~~~~~~~~~~~~~*
~~~~~~~~~~~~~~~~~~~~~~~~~~*
~~~~~~~~~~~~~~~~~~~~~~~~~~*
~~~~~~~~~~~~~~~~~~~~~~~~~~*


You could see an orange demon (summoned), an orc sorcerer and a red devil
(summoned).

Vanquished Creatures
  Duvessa (D:4)
  6 orc warriors (Bailey)
  An ogre (D:5)
  A centaur (D:5)
  3 scorpions
  6 wights (D:6)
  Dowan (D:4)
  A killer bee (D:6)
  2 howler monkeys
  An orc priest (D:6)
  4 jellies
  A gnoll bouda (D:5)
  2 hounds
  Terence (D:2)
  8 iguanas
  10 gnolls
  5 adders
  A white imp (D:7)
  3 ufetubi (D:6)
  2 dart slugs
  4 ribbon worms
  9 orcs
  13 ball pythons
  19 endoplasms
  11 giant cockroaches
  17 goblins
  12 hobgoblins
  8 jackals
  4 kobolds
  3 quokkas
  4 bats
  3 frilled lizards
  6 rats
173 creatures vanquished.

Notes
Turn   | Place    | Note
-------+----------+-------------------------------------------
     0 | D:1      | voltaire321 the Demonspawn Gladiator began the quest for
                  | the Orb.
     0 | D:1      | Reached XP level 1. HP: 16/16 MP: 1/1
   192 | D:1      | Gained mutation: You are partially covered in sharp spines.
                  | [demonic ancestry]
   192 | D:1      | Reached XP level 2. HP: 22/22 MP: 2/2
   456 | D:1      | Reached skill level 1 in Armour
   463 | D:1      | Reached XP level 3. HP: 25/28 MP: 3/3
   788 | D:2      | Learned a level 1 spell: Sandblast
   804 | D:2      | Noticed Terence
   821 | D:2      | Killed Terence
   822 | D:2      | Gained mutation: You are mostly covered in sharp spines.
                  | [demonic ancestry]
   822 | D:2      | Reached XP level 4. HP: 7/34 MP: 4/4
  1099 | D:2      | Found the +1 cloak of Starlight {*Dazzle EV+4 Stlth--}
  1159 | D:2      | Found a faded altar of an unknown god.
  1316 | D:3      | Found an opulent altar of Gozag.
  1317 | D:3      | Found Gozag's Platinum Reserve.
  1507 | D:3      | Found a sparkling altar of Nemelex Xobeh.
  1859 | D:4      | Found a shimmering blue altar of Sif Muna.
  1874 | D:4      | Reached skill level 1 in Earth Magic
  1874 | D:4      | Gained mutation: You are partially covered in large bone
                  | plates. (SH +4) [demonic ancestry]
  1874 | D:4      | Reached XP level 5. HP: 15/40 MP: 4/6
  1879 | D:4      | Reached skill level 1 in Spellcasting
  2345 | D:4      | Noticed Duvessa
  2345 | D:4      | Noticed Dowan
  2361 | D:4      | Killed Duvessa
  2362 | D:4      | Gained mutation: You have a small tail. [demonic ancestry]
  2362 | D:4      | Reached XP level 6. HP: 42/47 MP: 6/8
  2363 | D:4      | Killed Dowan
  2442 | D:5      | Entered Level 5 of the Dungeon
  2681 | D:5      | Reached XP level 7. HP: 47/52 MP: 8/10
  3383 | D:6      | Gained mutation: You are mostly covered in large bone
                  | plates. (SH +6) [demonic ancestry]
  3383 | D:6      | Reached XP level 8. HP: 57/60 MP: 10/12
  3658 | D:6      | Found a glowing drain.
  3681 | Sewer    | Entered a sewer
  3781 | Sewer    | Found a viscous altar of Jiyva.
  4014 | D:6      | Found an iron altar of Okawaru.
  4027 | D:6      | Found a staircase to the Ecumenical Temple.
  4039 | Temple   | Entered the Ecumenical Temple
  4233 | D:6      | Reached skill level 5 in Axes
  4329 | D:6      | Found an ornate altar of the Wu Jian Council.
  4330 | D:6      | Found a burning altar of Makhleb.
  4369 | D:6      | Became a worshipper of Makhleb the Destroyer
  4550 | D:7      | Reached skill level 5 in Dodging
  4603 | D:7      | Found a flagged portal.
  4612 | Bailey   | Entered a bailey
  4655 | Bailey   | Reached skill level 5 in Fighting
  4655 | Bailey   | Reached skill level 1 in Invocations
  4693 | Bailey   | Gained mutation: You are completely covered in sharp
                  | spines. [demonic ancestry]
  4693 | Bailey   | Reached XP level 9. HP: 62/68 MP: 14/14
  4721 | Bailey   | Noticed an orc high priest
  4721 | Bailey   | Found an iron altar of Okawaru.
  4846 | Bailey   | Reached * piety under Makhleb
  4864 | Bailey   | Noticed an orc sorcerer
  4868 | Bailey   | Noticed an orange demon
  4870 | Bailey   | Noticed a red devil
  4873 | Bailey   | Slain by an orange demon

Illustrated notes

Levels and vault maps discovered:
D:1:      dpeg_arrival_concentric_ovals, layout_basic, hangedman_decor_opposing
D:2:      layout_basic, shapermc_ecumenical_altar_mp_vishouse, minmay_cut_off,
          uniq_terence
D:3:      layout_rooms, nicolae_gozag_zags_fifth_avenue,
          overflow_temple_1_default
D:4:      layout_basic, nicolae_sif_muna_condensation, minmay_misc_feat_rows,
          uniq_duvessa
D:5:      layout_gridville, chequers_arboretum
D:6:      layout_gridville, lemuel_doored_altar,
          mainiacjoe_overflow_divided_tiny, minmay_temple_entry_slanted,
          gup_sewer_entry_glass, minmay_circle_x
D:7:      layout_rooms, mainiacjoe_overflow_cross_hatched, hangedman_ru_absence,
          mainiacjoe_overflow_tiny_flanked, enter_bailey_3
Temple:   minmay_temple_bridge_abc
Bailey:   bailey_axe_of_yendor_kennysheep, bailey

Skill      XL: |  1  2  3  4  5  6  7  8  9 |
---------------+----------------------------+-----
Throwing       | 2 |  2.0
Armour         | 1 2 3 4 |  4.4
Dodging        | 3 4 5 |  5.3
Axes           | 3 4 5 |  5.3
Earth Magic    | 1 2 3 4 |  4.0
Fighting       | 3 4 5 |  5.3
Spellcasting   | 1 2 3 |  3.8
Invocations    | 1 2 |  2.3

Action                     |  1- 3 |  4- 6 |  7- 9 || total
---------------------------+-------+-------+-------++-------
  Melee: War axe           |    61 |   109 |   145 ||   315
         Tailslap          |       |     1 |    21 ||    22
         Punch             |       |       |     3 ||     3
         Broad axe         |       |       |    27 ||    27
  Throw: Throwing net      |     1 |       |       ||     1
    Use: Scroll            |       |       |    15 ||    15
         Potion            |       |       |     1 ||     1
   Stab: Sleeping          |     2 |       |       ||     2
         Held in net/web   |     1 |       |       ||     1
         Invisible         |       |     2 |     3 ||     5
 Armour: Leather armour    |    32 |       |       ||    32
         Chain mail        |       |    42 |    74 ||   116
  Dodge: Dodged            |    39 |    53 |    97 ||   189
  Block: Other             |       |    39 |    96 ||   135
         Reflection        |       |     1 |     3 ||     4

Table legend: (Time is in decaauts)
 A = Elapsed time spent in this place.
 B = Non-inter-level travel time spent in this place.
 C = Inter-level travel time spent in this place.
 D = Time resting spent in this place.
 E = Time spent auto-exploring this place.
 F = Levels seen in this place.
 G = Mean time per level.
                   A        B        C        D        E       F      G
               +--------+--------+--------+--------+--------+-----+--------+
         Total |   4997 |   4745 |    252 |    330 |   2879 |  10 |  499.7 |
       Dungeon |   4410 |   4158 |    252 |    203 |   2756 |   7 |  630.0 |
        Temple |     13 |     13 |      0 |      0 |      0 |   1 |   13.0 |
         Sewer |    296 |    296 |      0 |      0 |    122 |   1 |  296.0 |
        Bailey |    276 |    276 |      0 |    127 |      0 |   1 |  276.0 |
               +--------+--------+--------+--------+--------+-----+--------+

Top non-repeatable levels by time:
     D:6: 927 daAuts
     D:5: 889 daAuts
     D:2: 695 daAuts
     D:1: 642 daAuts
     D:4: 604 daAuts
     D:3: 551 daAuts
   Sewer: 296 daAuts
  Bailey: 276 daAuts
     D:7: 100 daAuts
  Temple: 13 daAuts
